Map: Deathaura LE

Players

DisK - Winner!

  • Race: Protoss Protoss
  • League: Grandmaster
  • Spawn Location: 11:00

Cuddlebear

  • Race: Terran Terran
  • League: Master
  • Spawn Location: 5:00

Event: DreamHack SC2 Masters 2020 Fall

VOD

Have the link to the VOD?

Description

Time

  • Played on: Sept. 1, 2020, 5:03 p.m.
  • Length: 10:25

All games in this series

Show
View Real Time Build Order
Export as new Build Order

DisK Protoss - Winner!

Build Orders: 1 Gate Expand, Blink Stalkers 

Get SALT Encoding   

  12  0:00  Probe  
  13  0:12  Probe  
  14  0:17  Pylon  
  14  0:24  Probe (Chrono Boost)  
  15  0:35  Gateway  
  15  0:36  Probe (Chrono Boost)  
  16  0:45  Probe (Chrono Boost)  
  16  0:46  Assimilator  
  17  0:56  Probe  
  18  1:08  Probe  
  19  1:20  Probe  
  19  1:24  Cybernetics Core  
  20  1:32  Nexus  
  20  1:39  Pylon  
  20  1:42  Probe  
  21  1:51  Assimilator  
  21  1:54  Probe  
  21  1:58  Adept (Chrono Boost)  
  21  2:00  Warp Gate  
  24  2:06  Probe  
  25  2:18  Probe  
  25  2:19  Stalker (Chrono Boost)  
  27  2:30  Probe  
  28  2:37  Twilight Council  
  29  2:44  Probe (Chrono Boost)  
  29  2:47  Probe (Chrono Boost)  
  29  2:49  Stalker  
  32  2:54  Probe (Chrono Boost)  
  32  2:57  Probe (Chrono Boost)  
  34  2:59  Probe (Chrono Boost)  
  35  3:06  Probe  
  35  3:10  Probe  
  37  3:18  Gateway  
  37  3:19  Probe, Blink (Chrono Boost)  
  38  3:23  Probe (Chrono Boost)  
  38  3:35  Probe x2 (Chrono Boost)  
  39  3:43  Probe (Chrono Boost)  
  39  3:45  Robotics Facility  
  39  3:46  Probe (Chrono Boost)  
  41  3:49  Probe  
  41  3:51  Pylon  
  41  3:54  Stalker  
  41  3:55  Probe  
  45  4:01  Probe  
  46  4:08  Nexus  
  46  4:12  Sentry  
  46  4:13  Pylon  
  46  4:15  Probe  
  49  4:18  Probe, Assimilator  
  49  4:26  Stalker  
  49  4:27  Probe  
  52  4:33  Pylon  
  52  4:34  Observer  
  52  4:35  Stalker  
  52  4:36  Probe  
  56  4:41  Probe  
  57  4:48  Forge  
  57  4:50  Stalker  
  57  4:52  Probe  
  60  4:53  Probe  
  60  4:57  Gateway  
  60  4:58  Gateway  
  61  5:01  Observer  
  61  5:04  Probe  
  63  5:10  Probe  
  63  5:12  Charge  
  64  5:16  Probe (Chrono Boost)  
  65  5:21  Stalker x2  
  65  5:24  Forge  
  65  5:25  Probe x2 (Chrono Boost)  
  71  5:30  Probe (Chrono Boost)  
  71  5:31  Pylon  
  72  5:36  Protoss Ground Weapons Level 1 (Chrono Boost)  
  72  5:37  Probe (Chrono Boost)  
  72  5:38  Probe (Chrono Boost)  
  72  5:40  Probe (Chrono Boost)  
  72  5:42  Pylon  
  75  5:46  Probe  
  75  5:47  Probe  
  75  5:49  Sentry, Zealot  
  81  5:51  Zealot x2, Protoss Ground Armor Level 1 (Chrono Boost)  
  81  5:56  Probe  
  86  5:58  Probe  
  86  6:02  Gateway  
  86  6:04  Gateway  
  87  6:08  Gateway  
  87  6:09  Probe x2  
  89  6:12  Shield Battery, Pylon  
  89  6:17  Immortal  
  93  6:23  Gateway, Observer  
  93  6:29  Gateway  
  93  6:30  Probe, Zealot x2  
  93  6:31  Zealot  
  100  6:34  Zealot  
  102  6:41  Assimilator  
  102  6:43  Assimilator  
  102  6:45  Probe x3, Assimilator  
  104  6:50  Pylon  
  104  6:59  Probe x2  
  106  7:02  Pylon  
  106  7:05  Probe  
  107  7:12  Probe  
  108  7:17  Zealot x2  
  108  7:18  Zealot x2  
  108  7:20  Colossus  
  108  7:22  Zealot, Nexus  
  116  7:23  Pylon, Zealot x2  
  116  7:25  Pylon  
  116  7:26  Templar Archives  
  116  7:28  Observer  
  116  7:29  Protoss Ground Weapons Level 2 (Chrono Boost)  
  123  7:31  Observer  
  123  7:39  Protoss Ground Armor Level 2 (Chrono Boost)  
  123  7:46  Zealot x2  
  123  7:47  Zealot x2  
  123  7:51  Probe x3, Pylon  
  133  7:52  Pylon  
  133  7:55  Observer  
  133  7:57  Pylon  
  134  8:03  High Templar  
  134  8:04  High Templar x2  
  140  8:10  Pylon, Zealot x3, High Templar  
  140  8:11  Zealot  
  150  8:15  Pylon, Archon  
  150  8:16  Archon  
  148  8:36  Zealot  
  148  8:37  Zealot x6  
  162  8:42  Immortal  
  162  8:43  Zealot  
  166  8:57  Zealot x7  
  116  9:11  Zealot  
  116  9:15  Gateway  
  116  9:18  Shield Battery  
  116  9:19  Gateway, High Templar x4  
  116  9:20  Zealot x2  
  116  9:21  Shield Battery, Zealot  
  116  9:23  Archon x2  
  129  9:30  Shield Battery  
  120  9:31  Shield Battery  
  114  9:40  Zealot x2  
  114  9:41  Zealot  
  114  9:42  Zealot  
  120  9:46  Zealot x3  
  98  10:00  Zealot x2  
  98  10:05  Zealot x2  
  102  10:12  Probe x3  
  105  10:16  Assimilator  
  105  10:19  Zealot x5  
  105  10:20  Assimilator  
Show
View Real Time Build Order
Export as new Build Order

Cuddlebear Terran 

Build Orders: Reaper Expand 

Get SALT Encoding   

  12  0:00  SCV  
  13  0:12  SCV  
  14  0:17  Supply Depot  
  14  0:25  SCV  
  15  0:39  SCV  
  15  0:41  Barracks  
  16  0:46  Refinery  
  16  0:51  SCV  
  17  1:03  SCV  
  18  1:15  SCV  
  19  1:27  Orbital Command  
  19  1:29  Reaper  
  20  1:44  Command Center  
  20  1:53  SCV  
  21  2:00  Supply Depot  
  21  2:01  Marine  
  22  2:05  SCV  
  23  2:11  Factory  
  23  2:26  Barracks Reactor  
  23  2:27  SCV  
  24  2:32  Bunker  
  24  2:39  SCV  
  25  2:51  SCV  
  25  3:00  Orbital Command  
  25  3:03  SCV, Marine x2, Factory Tech Lab  
  28  3:08  Orbital Command  
  27  3:15  SCV  
  27  3:21  Marine x2  
  29  3:38  Marine  
  29  3:39  Marine  
  31  3:42  Siege Tank  
  31  3:43  SCV x2  
  36  3:49  Command Center  
  36  3:55  SCV x2  
  38  3:56  Supply Depot  
  38  3:57  Marine  
  38  4:00  Marine  
  40  4:07  SCV  
  40  4:08  Barracks  
  41  4:10  SCV  
  41  4:16  Marine  
  43  4:18  Marine  
  43  4:21  SCV  
  45  4:26  SCV  
  45  4:27  Barracks  
  46  4:33  Refinery  
  46  4:34  SCV  
  46  4:36  Marine x2  
  49  4:39  SCV  
  49  4:43  Factory Tech Lab  
  50  4:46  SCV  
  50  4:51  SCV  
  52  4:54  Marine  
  52  4:55  Marine  
  54  5:00  Supply Depot  
  54  5:01  SCV, Supply Depot  
  54  5:03  SCV  
  54  5:04  Stimpack, Marauder, Barracks  
  54  5:05  Barracks  
  58  5:07  Orbital Command  
  58  5:13  SCV  
  58  5:15  SCV  
  58  5:19  Factory Tech Lab  
  59  5:24  Starport  
  59  5:25  SCV  
  59  5:26  Marauder  
  59  5:27  SCV, Marauder  
  59  5:28  Marine  
  66  5:29  Marine  
  66  5:32  Refinery  
  66  5:34  SCV  
  68  5:37  SCV  
  68  5:38  Refinery  
  68  5:39  SCV  
  70  5:43  Siege Tank  
  70  5:47  SCV  
  70  5:49  Combat Shield  
  74  5:50  SCV  
  74  5:53  SCV, Marine  
  74  5:56  Barracks Tech Lab  
  77  5:57  Marine x2  
  77  5:59  SCV  
  77  6:02  SCV  
  77  6:03  Starport Reactor, Marine  
  82  6:05  SCV  
  82  6:06  Marauder  
  82  6:10  Supply Depot  
  82  6:11  Supply Depot  
  85  6:12  Supply Depot  
  85  6:13  Marine  
  85  6:18  Supply Depot  
  86  6:21  Marauder, Siege Tank  
  91  6:28  Marauder  
  91  6:30  Barracks Reactor  
  91  6:32  Marine  
  94  6:36  Orbital Command, Marine  
  94  6:37  Supply Depot, Marauder  
  94  6:39  Supply Depot  
  97  6:42  Marine  
  97  6:44  Concussive Shells  
  98  6:47  Medivac  
  98  6:49  Marine  
  98  6:50  Marauder  
  98  6:54  Medivac, Marine  
  103  7:00  SCV x2  
  104  7:02  SCV  
  104  7:03  Marine x2  
  104  7:08  Siege Tank  
  110  7:09  Marine  
  110  7:12  SCV x2  
  110  7:14  SCV, Marine  
  110  7:15  Marauder  
  117  7:17  Marine x2  
  117  7:20  Medivac  
  117  7:21  Marine  
  117  7:22  Marine  
  122  7:26  Marine  
  122  7:27  Medivac  
  129  7:32  Marine  
  129  7:33  Supply Depot x2  
  129  7:34  Marine  
  129  7:35  Marine  
  129  7:38  Marauder  
  129  7:39  Engineering Bay  
  129  7:40  Marine  
  129  7:43  Marauder  
  134  7:44  Marine  
  134  7:50  Marine  
  136  7:53  Marine  
  136  7:55  Medivac  
  136  7:57  Medivac  
  136  7:58  Marauder  
  143  7:59  Marauder  
  143  8:04  Siege Tank  
  143  8:05  Marine x2  
  149  8:11  Marine x2  
  152  8:15  Marine  
  152  8:17  Terran Infantry Weapons Level 1  
  152  8:19  Marine  
  154  8:20  Marine  
  154  8:23  Supply Depot x2  
  155  8:32  Marauder  
  157  8:34  Marine  
  157  8:39  Marine  
  146  8:49  Marine  
  146  8:51  Marine  
  147  9:01  Orbital Command x2  
  147  9:02  Marauder, Marine  
  123  9:07  Marauder, Marine  
  104  9:11  Marauder, Marine  
  104  9:15  Marine  
  105  9:19  Marine  
  105  9:23  Marine  
  99  9:25  Marine  
  99  9:28  Marine  
  96  9:31  Marine  
  96  9:32  Marine  
  96  9:33  Liberator x2, Siege Tank  
  103  9:42  Marine  
  103  9:43  Marauder  
  103  9:44  SCV x2  
  100  9:58  Marauder, Marine  
  85  10:01  Marauder, Marine  
  85  10:06  Marine  
  87  10:13  SCV x3  

Tags
 
Add a new tag
Caveats
  • Supply blocks, unpowered buildings, or Contaminate may cause inaccurate times.
  • Supply counts are checked every 10 seconds.